 Dungeon Crawl Stone Soup version 0.31-a0-819-gf6de2f5ab6 (webtiles) character file.

Game seed: 1289179099077195788

101 qw the Shooter (level 4, -5/28 HPs)
             Began as a Gargoyle Hunter on Sept 23, 2023.
             Slain by a gnoll
             ... wielding a +0 flail
              (7 damage)
             ... on level 3 of the Dungeon.
             The game lasted 00:00:36 (1465 turns).

qw the Shooter (Gargoyle Hunter)                    Turns: 1465, Time: 00:00:37

Health: -5/28      AC: 11    Str: 15    XL:     4   Next: 75%
Magic:  4/4        EV: 11    Int:  9    God:
Gold:   63         SH:  0    Dex: 15    Spells: 3/3 levels left

rFire   . . .        Y - +1 shortbow
rCold   . . .        (shield currently unavailable)
rNeg    + . .        e - +0 ring mail
rPois   inf          (no helmet)
rElec   +            (no cloak)
rCorr   .            (no gloves)
SInv    .            i - +2 pair of boots
Will    .....        (no amulet)
Stlth   +            (no ring)
HPRegen 0.24/turn    (no ring)
MPRegen 0.09/turn

%: no passive effects
@: no status effects
A: sickness immunity, AC +3, negative energy resistance 1, electricity
resistance, torment resistance 1, petrification resistance
a: no special abilities


You were on level 3 of the Dungeon.
You visited 1 branch of the dungeon, and saw 3 of its levels.

You collected 63 gold pieces.


Innate Abilities, Weirdness & Mutations

You are immune to sickness and miasma.
Your stone body is resilient. (AC +3)
You are immune to poison.
You resist negative energy. (rN+)
You are resistant to electric shocks. (rElec)
You are resistant to unholy torment.
You are immune to petrification.


   Skills:
 - Level 3.5 Fighting
 + Level 5.2 Ranged Weapons
 - Level 1.0 Armour
 - Level 1.5 Dodging
 - Level 1.1 Stealth


You had 3 spell levels left.
You didn't know any spells.
Your spell library was empty.

Inventory:

Hand Weapons
 Y - a +1 shortbow (weapon)
Armour
 e - a +0 ring mail (worn)
 i - a +2 pair of boots (worn)
Scrolls
 b - 2 scrolls of identify

Dungeon Overview and Level Annotations

Branches:
Dungeon (3/15)

Altars:

Shops:
D:1 [


Message History

You kill the gnoll!
You start resting.
HP restored.
Partly explored, can't reach some places.
What level of the Dungeon? (default 3, ? - help)
You climb downwards.
The gnoll closely misses you. The gnoll hits you with a +0 whip.
The gnoll hits you with a +0 flail. The gnoll hits you with a +0 whip.
There is a stone staircase leading up here.
You shoot an arrow.
The arrow hits the gnoll but does no damage.
The gnoll hits you with a +0 flail. The gnoll barely misses you.
You shoot an arrow. The arrow closely misses the gnoll.
The gnoll barely misses you. x2
You shoot an arrow. The arrow hits the gnoll.
The gnoll is heavily wounded.
The gnoll hits you but does no damage. The gnoll hits you with a +0 flail. x2
The gnoll hits you but does no damage.
You shoot an arrow. The arrow hits the gnoll.
The gnoll is almost dead.
The gnoll hits you with a +0 whip. The gnoll hits you but does no damage.
You shoot an arrow. The arrow hits the gnoll.
You kill the gnoll!
The gnoll closely misses you.
You shoot an arrow. The arrow hits the gnoll.
The gnoll is moderately wounded.
The gnoll barely misses you.
You shoot an arrow. The arrow barely misses the gnoll.
The gnoll hits you with a +0 flail. The gnoll hits you but does no damage.
You shoot an arrow. The arrow closely misses the gnoll.
The gnoll hits you but does no damage.
You shoot an arrow. The arrow hits the gnoll.
The gnoll is severely wounded.
The gnoll hits you with a +0 flail.
You shoot an arrow. The arrow hits the gnoll.
The gnoll is almost dead.
The gnoll hits you but does no damage. The gnoll hits you with a +0 flail.
You shoot an arrow. The arrow barely misses the gnoll.
The gnoll hits you with a +0 flail!
You die...

... #.# #.# #
#.# # # #. #.#.#
#
.#.#.###.#.##.#
..............##
...#..)g.......?
.......@..$#####
..######.### #.#
..# ###


You could see a gnoll.

Vanquished Creatures
  Natasha (D:2)
  An adder (D:2)
  2 gnolls
  A worm (D:2)
  3 dart slugs
  3 bats
  3 endoplasms
  3 goblins
  3 hobgoblins
  4 jackals (D:1)
  2 quokkas (D:1)
  4 ball pythons (D:1)
  3 frilled lizards
  3 kobolds
  6 rats (D:1)
42 creatures vanquished.

Notes
Turn   | Place    | Note
-------+----------+-------------------------------------------
     0 | D:1      | qw the Gargoyle Hunter began the quest for the Orb.
     0 | D:1      | Reached XP level 1. HP: 12/12 MP: 1/1
     0 | D:1      | 0 ||| qw: Version: 0.3-a-83-gcd0e7d8
     0 | D:1      | 0 ||| qw: Game counter: 1440
     0 | D:1      | 0 ||| qw: Melee chars always use a shield: true
     0 | D:1      | 0 ||| qw: God list: Okawaru
     0 | D:1      | 0 ||| qw: Allow faded altars: false
     0 | D:1      | 0 ||| qw: Do Orc after clearing Dungeon:15 true
     0 | D:1      | 0 ||| qw: Do second Lair branch before Depths: true
     0 | D:1      | 0 ||| qw: Lair rune preference: random
     0 | D:1      | 0 ||| qw: Goals: Normal
     0 | D:1      | 0 ||| PLANNING D:1-11
    71 | D:1      | Reached XP level 2. HP: 17/17 MP: 2/2
   286 | D:1      | Reached XP level 3. HP: 17/21 MP: 3/3
   304 | D:1      | Found a faded altar of an unknown god.
   329 | D:1      | Reached skill level 5 in Ranged Weapons
   344 | D:1      | Found Weaps's Antique Armour Boutique.
   363 | D:1      | 363 ||| SHOPLISTING glowing leather armour (145 gold, have
                  | 32).
   363 | D:1      | 363 ||| SHOPLISTING pair of runed boots (217 gold, have
                  | 32).
   363 | D:1      | 363 ||| SHOPLISTING quicksilver dragon scales (1740 gold,
                  | have 32).
   492 | D:1      | 492 ||| UPGRADING to +0 ring mail.
   502 | D:1      | 502 ||| DROPPING +0 leather armour.
   503 | D:1      | 503 ||| UPGRADING to +2 pair of boots.
   508 | D:1      | 508 ||| READING 2 scrolls labelled ICOMOR NOITA.
   509 | D:1      | 509 ||| READING scroll labelled YLUTHR VEPSISUOWK.
   510 | D:1      | 510 ||| READING scroll labelled BILURO INAMUARGH.
   511 | D:1      | 511 ||| DROPPING scroll of amnesia.
   512 | D:1      | 512 ||| DROPPING scroll of butterflies.
   788 | D:2      | Reached skill level 1 in Armour
  1265 | D:2      | Reached XP level 4. HP: 27/27 MP: 4/4
  1295 | D:2      | 1295 ||| READING scroll labelled WUAPTY REOGIA.
  1316 | D:2      | 1316 ||| READING scroll labelled SIF URIBO.
  1317 | D:2      | 1317 ||| READING scroll labelled TAIBUTHR MAJAR.
  1320 | D:2      | 1320 ||| READING 3 scrolls of identify.
  1320 | D:2      | 1320 ||| IDENTIFYING brown potion
  1321 | D:2      | 1321 ||| DROPPING potion of brilliance.
  1367 | D:3      | Noticed Natasha
  1368 | D:3      | 1368 ||| RETREEAATING.
  1369 | D:3      | 1369 ||| Stepping ~*~*~tactically~*~*~ (retreating).
  1370 | D:3      | 1370 ||| STAIRDANCE
  1379 | D:2      | Killed Natasha
  1380 | D:2      | Reached skill level 3 in Fighting
  1461 | D:3      | HP: 7/28 [gnoll/+0 flail (5)]
  1464 | D:3      | HP: 1/28 [gnoll/+0 flail (5)]
  1465 | D:3      | Slain by a gnoll

Levels and vault maps discovered:
D:1:      dpeg_arrival_three_bigger_balls, layout_rooms, serial_shops, shop,
          ebering_ecumenical_altar_abandoned
D:2:      layout_basic, serial_forest, infiniplex_forest_zigzag_1,
          infiniplex_forest_clump_large, infiniplex_forest_lined_ring,
          infiniplex_forest_clump_curved, infiniplex_forest_corner_2,
          infiniplex_forest_zigzag_2, eino_tiny_chamber
D:3:      layout_loops_ring, amethyst_overflow_temple_binary, serial_shops,
          shop, uniq_jessica, uniq_natasha

Skill      XL: |  1  2  3  4 |
---------------+-------------+-----
Ranged Weapons | 5 |  5.2
Armour         | 1 |  1.0
Fighting       | 3 |  3.5
Dodging        | |  1.5
Stealth        | |  1.1

Action                     |  1- 3 |  4- 6 || total
---------------------------+-------+-------++-------
   Fire: Shortbow          |   123 |    22 ||   145
    Use: Scroll            |     3 |     4 ||     7
 Armour: Leather armour    |    32 |       ||    32
         Ring mail         |     3 |    33 ||    36
  Dodge: Dodged            |    43 |    14 ||    57

Table legend:
 A = Non-vault XP
 B = Vault XP
 C = Vault XP percentage of total XP
 D = Non-vault monster count
 E = Vault monster count
 F = Vault count percentage of total count
                 A         B        C        D         E       F
            +---------+---------+-------+---------+---------+-------
      Total |     110 |      35 |  24.1 |      41 |       1 |   2.4
            +---------+---------+-------+---------+---------+-------
        D:1 |      46 |       0 |   0.0 |      28 |       0 |   0.0
        D:2 |      50 |      35 |  41.2 |      12 |       1 |   7.7
        D:3 |      14 |       0 |   0.0 |       1 |       0 |   0.0
            +---------+---------+-------+---------+---------+-------
